 Dungeon Crawl Stone Soup version 0.32-a0-913-g739538a (webtiles) character file.

Game seed: 13270877552063458394

968 Dorkslayer the Chopper (level 7, 0/60 HPs)
             Began as a Mountain Dwarf Fighter on Apr 9, 2024.
             Slain by Pikel
             ... wielding a +2 whip of flaming
              (4 damage)
             ... on level 4 of the Dungeon.
             The game lasted 00:09:02 (3801 turns).

Dorkslayer the Chopper (Mountain Dwarf Fighter)     Turns: 3801, Time: 00:09:03

Health: 0/60       AC: 11    Str: 20    XL:     7   Next: 93%
Magic:  7/7        EV: 12    Int:  9    God:
Gold:   133        SH:  9    Dex:  9    Spells: 6/6 levels left

rFire   . . .        a - +0 war axe
rCold   . . .        c - +1 buckler
rNeg    . . .        g - +0 chain mail
rPois   .            d - +0 helmet
rElec   .            (no cloak)
rCorr   .            (no gloves)
SInv    .            (no boots)
Will    .....        (no amulet) Stlth
                     b - +5 ring of evasion
HPRegen 0.30/turn    (no ring)
MPRegen 0.10/turn

%: no passive effects
@: brilliant
A: runic magic, artefact enchanting, large bone plates 1
a: no special abilities


You were on level 4 of the Dungeon.
You visited 1 branch of the dungeon, and saw 4 of its levels.
You also visited: Sewer.

You collected 133 gold pieces.

Inventory:

Hand Weapons
 a - a +0 war axe (weapon)
Missiles
 i - 4 boomerangs
Armour
 c - a +1 buckler (worn)
 d - a +0 helmet (worn)
 g - a +0 chain mail (worn)
Jewellery
 b - a +5 ring of evasion (left hand)
Scrolls
 o - 3 scrolls of butterflies {unknown}
 q - a scroll of enchant weapon {unknown}
Potions
 f - 2 potions of attraction
 k - a potion of enlightenment
 m - 2 potions of haste
 n - a potion of might


   Skills:
 + Level 4.6 Fighting
 + Level 6.7 Axes
 * Level 3.0 Throwing
 + Level 4.9 Armour
 * Level 2.5 Dodging
 + Level 0.5 Stealth
 + Level 4.1 Shields


You had 6 spell levels left.
You didn't know any spells.
Your spell library contained the following spells:

 Spells                   Type           Power      Damage    Failure   Level
 Kiss of Death            Conj/Necr      0%         2d5       63%         1
 Shock                    Conj/Air       0%         1d3       63%         1
 Swiftness                Air            0%         N/A       94%         3
 Airstrike                Air            0%         2d(0-16)  100%        4


Dungeon Overview and Level Annotations

Branches:
Dungeon (4/15)              Sewer (visited)
 Temple: D:4-7

Altars:
Cheibriados
Fedhas
Qazlal
Xom
Zin

Annotations:
D:4 Pikel


Innate Abilities, Weirdness & Mutations

Your spellcasting is much less encumbered by armour.
You can use scrolls of enchantment on lesser artefacts.
You are partially covered in large bone plates. (SH +4)


Message History

Large bone plates grow over parts of your arms.
Pikel hits you but does no damage.
It was a potion of heal wounds.
You feel much better.
Pikel hits you with a +2 whip of flaming.
Pikel burns you.
You closely miss Pikel.
Pikel is severely wounded.
Pikel hits you with a +2 whip of flaming.
Pikel burns you.
You hit Pikel.
Pikel is severely wounded.
Pikel hits you with a +2 whip of flaming.
Pikel burns you.
You closely miss Pikel.
Pikel is severely wounded.
Pikel hits you with a +2 whip of flaming!
* * * LOW HITPOINT WARNING * * *
Pikel burns you.
* * * LOW HITPOINT WARNING * * *
You closely miss Pikel.
Pikel is severely wounded.
Pikel hits you with a +2 whip of flaming.
* * * LOW HITPOINT WARNING * * *
Pikel burns you.
* * * LOW HITPOINT WARNING * * *
You aren't carrying any items that you can evoke.
Okay, then.
Okay, then.
Okay, then.
It was a potion of brilliance.
You feel clever all of a sudden. Pikel hits you but does no damage.
You closely miss Pikel.
Pikel is severely wounded.
You block Pikel's attack.
You closely miss Pikel.
Pikel is severely wounded.
Pikel hits you with a +2 whip of flaming.
You die...
Pikel says, "Another soul for the market."

#.#.....##.#
#.#####.##.# #.#
#.##.# # #.#
#.##.# # #.#
#.##.# #. # #.##.#
.. ... #.##.# ##
.....#####.##.####
.(.....K@...#....#
###############.##
#.# #.# #.# #.#
#.# #.# #.#


You could see Pikel.

Vanquished Creatures
  Grinder (D:3)
  Duvessa (D:4)
  4 lemures (D:4)
  2 kobold brigands (Sewer)
  2 brain worms (Sewer)
  Dowan (D:4)
  A bombardier beetle (D:4)
  An orc priest (D:3)
  A jelly (D:3)
  Robin (D:3)
  6 gnolls
  4 river rats (Sewer)
  6 adders
  3 ribbon worms
  4 orcs (D:3)
  9 ball pythons
  4 endoplasms
  3 giant cockroaches
  17 goblins
  8 hobgoblins
  11 jackals
  8 kobolds
  3 quokkas
  4 bats
  4 frilled lizards (Sewer)
  8 rats
117 creatures vanquished.

Notes
Turn   | Place    | Note
-------+----------+-------------------------------------------
     0 | D:1      | Dorkslayer the Mountain Dwarf Fighter began the quest for
                  | the Orb.
     0 | D:1      | Reached XP level 1. HP: 19/19 MP: 1/1
   454 | D:1      | Reached XP level 2. HP: 19/26 MP: 2/2
   571 | D:1      | Found a faded altar of an unknown god.
   585 | D:1      | Got Plato's Spellbook of the Cemetery
   868 | D:2      | Reached XP level 3. HP: 31/31 MP: 3/3
  1164 | D:2      | Identified the +3 great sword of Reapportionment {elec,
                  | rPois Int+3}
  1245 | D:2      | Reached skill level 1 in Throwing
  1683 | D:3      | Noticed Grinder
  1688 | D:3      | Paralysed by Grinder for 4 turns
  1699 | D:3      | Killed Grinder
  1700 | D:3      | Reached skill level 4 in Axes
  1700 | D:3      | Reached skill level 1 in Dodging
  1700 | D:3      | Reached XP level 4. HP: 40/40 MP: 4/4
  1700 | D:3      | Reached XP level 5. HP: 46/46 MP: 5/5
  1737 | D:3      | Reached XP level 6. HP: 49/52 MP: 6/6
  1873 | D:3      | Noticed Robin
  1895 | D:3      | Killed Robin
  2382 | D:3      | Found a glowing silver altar of Zin.
  2382 | D:3      | Found a snail-covered altar of Cheibriados.
  2389 | D:3      | Found a shimmering altar of Xom.
  2391 | D:3      | Found a stormy altar of Qazlal.
  2392 | D:3      | Found a blossoming altar of Fedhas.
  2421 | D:4      | Noticed Dowan
  2422 | D:4      | Noticed Duvessa
  2430 | D:4      | Killed Duvessa
  2431 | D:4      | Reached skill level 5 in Axes
  2431 | D:4      | Killed Dowan
  2432 | D:4      | Reached XP level 7. HP: 41/59 MP: 7/7
  2558 | D:4      | Found a glowing drain.
  2586 | Sewer    | Entered a sewer
  2940 | Sewer    | Reached skill level 6 in Axes
  3749 | D:4      | Noticed Pikel
  3793 | D:4      | Gained mutation: You are partially covered in large bone
                  | plates. (SH +4) [potion of mutation]
  3798 | D:4      | HP: 3/60 [Pikel/+2 whip of flaming (2)]
  3801 | D:4      | Slain by Pikel

Illustrated notes

Levels and vault maps discovered:
D:1:      reono_arrival_mine, layout_loops_ring,
          shapermc_ecumenical_altar_rom_forum
D:2:      minmay_evil_eye, layout_basic
D:3:      layout_rooms, chequers_temple_overflow_minitemple, minivault_14,
          uniq_robin, uniq_grinder
D:4:      layout_basic, portal_sewer_entry_b, uniq_duvessa, uniq_pikel,
          uniq_crazy_yiuf_cottage

Skill      XL: |  1  2  3  4  5  6  7 |
---------------+----------------------+-----
Throwing       | 1 2 3 |  3.0
Fighting       | 4 |  4.6
Axes           | 4 5 6 |  6.7
Armour         | 4 |  4.9
Dodging        | 1 2 |  2.5
Shields        | 4 |  4.1
Stealth        | |  0.5

Action                     |  1- 3 |  4- 6 |  7- 9 || total
---------------------------+-------+-------+-------++-------
  Melee: War axe           |    77 |    97 |   212 ||   386
  Throw: Dart              |     3 |     5 |     2 ||    10
    Use: Scroll            |     3 |     1 |       ||     4
         Potion            |       |     1 |     7 ||     8
 Armour: Scale mail        |    29 |       |       ||    29
         Chain mail        |    18 |    75 |   126 ||   219
  Dodge: Dodged            |    36 |    63 |   112 ||   211
  Block: Buckler           |    18 |    26 |    50 ||    94

Table legend: (Time is in decaauts)
 A = Elapsed time spent in this place.
 B = Non-inter-level travel time spent in this place.
 C = Inter-level travel time spent in this place.
 D = Time resting spent in this place.
 E = Time spent auto-exploring this place.
 F = Levels seen in this place.
 G = Mean time per level.
                   A        B        C        D        E       F      G
               +--------+--------+--------+--------+--------+-----+--------+
         Total |   4034 |   4034 |      0 |      0 |   2490 |   5 |  806.8 |
       Dungeon |   2989 |   2989 |      0 |      0 |   1937 |   4 |  747.2 |
         Sewer |   1045 |   1045 |      0 |      0 |    552 |   1 | 1045.0 |
               +--------+--------+--------+--------+--------+-----+--------+

Top non-repeatable levels by time:
   Sewer: 1045 daAuts
     D:2: 855 daAuts
     D:1: 848 daAuts
     D:3: 771 daAuts
     D:4: 513 daAuts
